 Dungeon Crawl Stone Soup version 0.19-a0-944-gb338e1e (webtiles) character file.

206 Implojin the Ruffian (level 5, -4/50 HPs)
             Began as a Troll Fighter on July 9, 2016.
             Was an Initiate of Okawaru.
             Slain by an orc warrior
             ... wielding a +0 glaive
              (18 damage)
             ... on level 6 of the Dungeon.
             The game lasted 00:03:04 (532 turns).

Implojin the Ruffian (Troll Fighter)                 Turns: 532, Time: 00:03:04

Health: -4/50      AC:  5    Str: 24    XL:     5   Next: 53%
Magic:  4/4        EV:  8    Int:  4    God:    Okawaru [......]
Gold:   152        SH:  8    Dex: 10    Spells: 0 memorised, 4 levels left

rFire  . . .     SeeInvis .       - Unarmed
rCold  . . .     Gourm    +     a - +0 robe
rNeg   . . .     Faith    .     b - +0 shield
rPois  .         Spirit   .     (helmet restricted)
rElec  .         Dismiss  .     (no cloak)
rCorr  .         Reflect  .     (gloves unavailable)
SustAt .         Harm     .     (boots unavailable)
MR     .....                    (no amulet)
Stlth  +.........               (no ring)
                                (no ring)

@: not resistant to hostile enchantments, very unstealthy
A: unfitting armour, claws 3, fast metabolism 3, gourmand, regeneration 2,
shaggy fur 1, tough skin 2
a: Renounce Religion


You were on level 6 of the Dungeon.
You worshipped Okawaru.
Okawaru was noncommittal.
You were full.

You visited 2 branches of the dungeon, and saw 7 of its levels.

You collected 152 gold pieces.

Inventory:

Armour
 a - a +0 robe (worn)
 b - a +0 shield (worn)
Scrolls
 f - 2 scrolls of fear
 i - a scroll of enchant armour {unknown}
Potions
 e - a potion of berserk rage {unknown}
 g - a potion of curing {unknown}
 j - a potion of heal wounds {unknown}
Comestibles
 c - 2 chunks of flesh
 d - 3 bread rations
 h - a meat ration


   Skills:
 - Level 2.4 Fighting
 - Level 2.4 Dodging
 - Level 2.4 Shields
 * Level 5.9 Unarmed Combat


You had 4 spell levels left.
You didn't know any spells.

Dungeon Overview and Level Annotations

Branches:
Dungeon (6/15)             Temple (1/1) D:5

Altars:
Cheibriados
Elyvilon
Kikubaaqudgha
Makhleb
Nemelex Xobeh
Okawaru
Pakellas
Qazlal
Ru
Sif Muna
Trog
Zin

Annotations:
D:6 jestert79's ghost, novice VSTm


Innate Abilities, Weirdness & Mutations

You are too large for most types of armour.
You have claws for hands.
Your metabolism is lightning-fast.
You like to eat raw meat.
You heal very quickly.
You are covered in fur. (AC +1)
You have very tough skin. (AC +2)


Message History

Level annotation: jestert79's ghost, novice VSTm A giant gecko comes into view.
The giant gecko hisses angrily.
Unknown command.
The giant gecko bites you but does no damage.
You mangle the giant gecko!!
You kill the giant gecko!
Okawaru accepts your kill.
Unknown command.
You feel a little less mighty now.
A hound zombie comes into view.
Found a trident. 2 orcs come into view.
The orc shouts!
Found a plate armour and 5 fruits.
An orc and an orc warrior come into view.
The orc shouts!
The orc warrior shouts!
The orc throws a tomahawk.
You block the tomahawk.
Things that are here:
a tomahawk; a trident The orc throws a tomahawk.
The tomahawk closely misses you.
You see here a tomahawk.
You scratch the orc but do no damage. You block the orc's attack.
You claw the orc!
You kill the orc!
Okawaru accepts your kill. The orc warrior hits you with a glaive!
* * * LOW HITPOINT WARNING * * *
You claw the orc warrior!
The orc warrior is moderately wounded.
You barely miss the orc warrior.
The orc warrior is moderately wounded.
The orc warrior hits you with a glaive!
* * * LOW HITPOINT WARNING * * *
Unknown command.
You scratch the orc warrior but do no damage.
The orc warrior is moderately wounded.
The orc warrior hits you with a glaive!!
You die...

#.....######### #o.##
#.............#
##...######
#............#
#.........#
#............#
#.o........
#...........#
#(.#######.
#...........# ##.##
#......†....#### ###..#
.#.........###.####o...#
##.......##.<..@oZo...#
##.....###..######...#
##.##.###..# ##.Z.#
####.##..## ......
#.....# ..##... #....##
.## #..# ###### ...


You could see an orc warrior, 2 orcs and a hound zombie.

Vanquished Creatures
  A black bear (D:6)
  2 giant frog zombies (D:5)
  3 adders
  2 worms
  A dart slug (D:2)
  A giant gecko (D:6)
  3 orcs
  A goblin (D:2)
  A kobold (D:1)
  A ball python (D:3)
  2 giant newts
  3 rats
  A fungus (D:3)
22 creatures vanquished.

Notes
Turn   | Place    | Note
-------+----------+-------------------------------------------
     0 | D:1      | Implojin the Troll Fighter began the quest for the Orb.
     0 | D:1      | Reached XP level 1. HP: 22/22 MP: 0/0
    48 | D:2      | Reached XP level 2. HP: 29/29 MP: 1/1
   171 | D:5      | Entered Level 5 of the Dungeon
   181 | D:6      | Noticed a black bear
   193 | D:5      | Reached skill level 3 in Unarmed Combat
   193 | D:5      | Reached XP level 3. HP: 31/36 MP: 2/2
   243 | D:4      | Reached skill level 4 in Unarmed Combat
   264 | D:3      | Reached XP level 4. HP: 30/44 MP: 3/3
   379 | D:5      | Found a staircase to the Ecumenical Temple.
   389 | Temple   | Entered the Ecumenical Temple
   400 | Temple   | Became a worshipper of Warmaster Okawaru
   456 | D:6      | Killed a black bear
   456 | D:6      | Reached skill level 5 in Unarmed Combat
   456 | D:6      | Reached XP level 5. HP: 47/50 MP: 4/4
   462 | D:6      | Noticed jestert79's ghost (novice VSTm)
   516 | D:6      | Noticed an orc warrior
   532 | D:6      | Slain by an orc warrior

Vault maps used:
D:1:      lightli_arrival_chessboard
D:2:      kennysheep_goblin_castle, first_bread, kennysheep_generic_room_4
D:3:      grunt_temple_overflow_open, minmay_gold_behind_fungi, uniq_sigmund
D:4:      minmay_goblin_outpost
D:5:      kennysheep_pointless_box
Temple:   lightli_temple_of_artemis

Skill      XL: |  1  2  3  4 |
---------------+-------------+-----
Unarmed Combat | 3 4 5 |  5.9
Fighting       | |  2.4
Dodging        | |  2.4
Shields        | |  2.4

Action                   |  1- 3 |  4- 6 || total
-------------------------+-------+-------++-------
Melee: Unarmed           |    49 |    26 ||    75
  Use: Scroll            |       |     1 ||     1
       Potion            |       |     1 ||     1
  Eat: Chunk             |     6 |     1 ||     7
Armor: Robe              |    10 |     9 ||    19
Dodge: Dodged            |    15 |     2 ||    17
Block: Shield            |    13 |    10 ||    23

Table legend:
 A = Turns spent in this place as a percentage of turns spent in the entire game.
 B = Non-inter-level travel turns spent in this place as a percentage of non-inter-level travel turns spent in the entire game.
 C = Inter-level travel turns spent in this place as a percentage of turns spent in this place.
 D = Turns resting spent in this place as a percentage of non-inter-level travel turns spent in this place.
 E = Turns spent auto-exploring this place as a percentage of non-inter-level travel turns spent in this place.
 F = Non-inter-level travel turns spent in this place divided by the number of levels of this place that you've seen.
                   A       B       C       D       E      F
               +-------+-------+-------+-------+-------+----------------------
         Total | 100.0 | 100.0 |   0.0 |   0.0 |   0.0 |  71.7
       Dungeon |  95.4 |  95.4 |   0.0 |   0.0 |   0.0 |  79.8
        Temple |   4.6 |   4.6 |   0.0 |   0.0 |   0.0 |  23.0
               +-------+-------+-------+-------+-------+----------------------

Table legend:
 A = Kills in this place as a percentage of kills in entire the game.
 B = Kills by you in this place as a percentage of kills by you in the entire game.
 C = Kills by friends in this place as a percentage of kills by friends in the entire game.
 D = Other kills in this place as a percentage of other kills in the entire game.
 E = Experience gained in this place as a percentage of experience gained in the entire game.
 F = Experience gained in this place divided by the number of levels of this place that you have seen.
                   A       B       C       D       E      F
               +-------+-------+-------+-------+-------+----------------------
         Total | 100.0 | 100.0 |  -nan |  -nan | 100.0 |  42.1
       Dungeon | 100.0 | 100.0 |  -nan |  -nan | 100.0 |  49.2
               +-------+-------+-------+-------+-------+----------------------
